 Dungeon Crawl Stone Soup version 0.20-a0-441-g89e74e4 (webtiles) character file.

62 Kriby the Magician (level 3, 0/24 HPs)
             Began as a Mummy Fire Elementalist on Jan 6, 2017.
             Slain by an adder (3 damage)
             ... on level 2 of the Dungeon.
             The game lasted 00:02:36 (2427 turns).

Kriby the Magician (Mummy Fire Elementalist)        Turns: 2427, Time: 00:02:36

Health: 0/24       AC:  3    Str: 11    XL:     3   Next: 85%
Magic:  0/8        EV: 12    Int: 15    God:
Gold:   101        SH:  0    Dex: 12    Spells: 8/9 levels left

rFire  x . .     SeeInvis .     j - +0 dagger (venom)
rCold  + . .     Gourm    .     a - +0 robe
rNeg   + + +     Faith    .     (no shield)
rPois  ∞         Spirit   .     (no helmet)
rElec  .         Reflect  .     c - +0 cloak
rCorr  .         Harm     .     (no gloves)
MR     .....                    (no boots)
Stlth  ++........               (no amulet)
                                (no ring)
                                (no ring)

@: no status effects
A: no food or potions, fire vulnerability, cold resistance 1, negative energy
resistance 3, torment resistance, unbreathing
a: no special abilities


You were on level 2 of the Dungeon.
You were not hungry.

You visited 1 branch of the dungeon, and saw 2 of its levels.

You collected 101 gold pieces.

Inventory:

Hand Weapons
 j - a +0 dagger of venom (weapon)
Armour
 a - a +0 robe (worn)
 c - a +0 cloak (worn)
Scrolls
 d - a scroll of immolation {unknown}
 e - a scroll of amnesia {unknown}
 g - a scroll of fear {unknown}
 h - 2 scrolls of identify {unknown}
 i - a scroll of teleportation {unknown}
Books
 b - a book of Flames

   Spells                             Type                      Level
   a - Flame Tongue                   Conjuration/Fire             1
   b - Throw Flame                    Conjuration/Fire             2
   c - Conjure Flame                  Conjuration/Fire             3
   d - Inner Flame                    Hexes/Fire                   3
   e - Sticky Flame                   Conjuration/Fire             4
   f - Fireball                       Conjuration/Fire             5


   Skills:
 - Level 1.5 Dodging
 - Level 1.5 Stealth
 + Level 3.5 Spellcasting
 * Level 2.2 Conjurations
 + Level 2.8 Fire Magic


You had 8 spell levels left.
You knew the following spells:

 Your Spells              Type           Power        Failure   Level  Hunger
a - Flame Tongue          Conj/Fire      ##...        10%         1    N/A

Dungeon Overview and Level Annotations

Branches:
Dungeon (2/15)

Altars:


Innate Abilities, Weirdness & Mutations

You do not eat or drink.
Your flesh is vulnerable to fire.
You are immune to poison.
Your flesh is cold resistant. (rC+)
You are immune to negative energy. (rN+++)
You are immune to unholy pain and torment.
You can survive without breathing.


Message History

* * * LOW HITPOINT WARNING * * *
Casting: Flame Tongue
Confirm with . or Enter, or press ? or * to list all spells.
Aiming: Flame Tongue
Press: ? - help, Shift-Dir - straight line, f - adder
Aim: an adder The flame tongue hits the adder.
The adder is lightly wounded.
The adder bites you.
* * * LOW HITPOINT WARNING * * *
Casting: Flame Tongue
Confirm with . or Enter, or press ? or * to list all spells.
You don't have enough magic to cast that spell.
Casting: Flame Tongue
Confirm with . or Enter, or press ? or * to list all spells.
You don't have enough magic to cast that spell.
You closely miss the adder.
The adder is lightly wounded.
The adder barely misses you. The adder bites you.
You die...

.##..........###.##..#####.####.#
.#########.### #.##..........##.#
.# #.# #.##..#.######...# .# #.#
#.##.........##..# .# #.#
#.w...###.##(###.# .# #.# #(###.#
##.###.##. .# #.# #(#
#.#####.##..†. .# #.# #(#
#...>....##### ## #.#
##@#########.#.....
#(####.S)##...<...#####.
#..(...%....####### ##
##########...#### #
#......>....## #####
#%#########.# #.... #.# #.# #.###
#.# #.# #.### #.# #.# #....


You could see a worm and an adder.

Vanquished Creatures
  An adder (D:2)
  2 worms (D:2)
  A dart slug (D:2)
  2 leopard geckos (D:1)
  9 goblins
  5 hobgoblins
  3 jackals (D:2)
  A quokka (D:2)
  4 bats
  3 frilled lizards (D:2)
  6 kobolds
  4 rats
41 creatures vanquished.

Notes
Turn   | Place    | Note
-------+----------+-------------------------------------------
     0 | D:1      | Kriby the Mummy Fire Elementalist began the quest for the Orb.
     0 | D:1      | Reached XP level 1. HP: 13/13 MP: 4/4
   190 | D:1      | Reached skill level 1 in Conjurations
   665 | D:1      | Reached XP level 2. HP: 19/19 MP: 2/5
   760 | D:1      | Reached skill level 3 in Spellcasting
  1424 | D:2      | Reached XP level 3. HP: 19/24 MP: 4/7
  2427 | D:2      | Slain by an adder

Vault maps used:
D:1:      dpeg_arrival_snail, hangedman_decor_points
D:2:      first_bread, minmay_cut_off

Skill      XL: |  1  2  3 |
---------------+----------+-----
Conjurations   | 1 2 |  2.2
Spellcasting   | 3 |  3.5
Dodging        | |  1.5
Stealth        | |  1.5
Fire Magic     | |  2.8

Action                   || total
-------------------------++-------
Melee: Hand axe          ||    23
       Dagger            ||     2
 Cast: Flame Tongue      ||    80
Armor: Robe              ||    12
Dodge: Dodged            ||    45
